Map: Kairos Junction LE

Players

MaSa

  • Race: Terran Terran
  • League: Master
  • Spawn Location: 5:00

Patience - Winner!

  • Race: Protoss Protoss
  • Spawn Location: 11:00

Event: IEM Season 13 - Katowice Server Qualifiers America

VOD

Have the link to the VOD?

Description

Time

  • Played on: Jan. 6, 2019, 5:32 p.m.
  • Length: 3:22

All games in this series

Show
View Real Time Build Order
Export as new Build Order

MaSa Terran 

Build Orders: Cyclone Opening 

Get SALT Encoding   

  12  0:00  SCV  
  13  0:12  SCV  
  14  0:20  Supply Depot  
  14  0:24  SCV  
  15  0:41  SCV  
  15  0:42  Barracks  
  16  0:47  Refinery  
  16  0:53  SCV  
  16  0:56  Refinery  
  17  1:05  SCV  
  18  1:18  SCV  
  19  1:28  Marine  
  19  1:30  Orbital Command  
  20  1:35  Factory  
  20  1:45  Supply Depot  
  20  1:50  Barracks Reactor  
  20  1:59  SCV  
  21  2:11  SCV  
  22  2:19  Bunker  
  22  2:22  Factory Tech Lab  
  22  2:25  SCV  
  22  2:26  Marine x2  
  25  2:37  Starport  
  25  2:44  Cyclone  
  25  2:48  Marine  
  29  2:57  Marine  
  29  3:02  SCV  
  29  3:04  Supply Depot  
  30  3:10  Starport  
Show
View Real Time Build Order
Export as new Build Order

Patience Protoss - Winner!

Build Orders:  

Get SALT Encoding   

  12  0:00  Probe  
  13  0:13  Probe  
  14  0:19  Pylon  
  14  0:23  Probe  
  15  0:33  Probe  
  15  0:40  Gateway  
  15  0:41  Probe  
  16  0:48  Assimilator  
  17  0:53  Probe  
  18  0:57  Pylon  
  18  1:05  Probe  
  19  1:19  Probe  
  19  1:20  Gateway  
  20  1:30  Cybernetics Core  
  20  1:31  Probe  
  21  1:33  Assimilator  
  21  1:43  Probe, Zealot  
  24  1:51  Pylon  
  24  1:57  Probe  
  24  1:58  Stalker  
  24  2:01  Stalker  
  28  2:18  Probe  
  29  2:29  Stalker  
  31  2:37  Pylon  
  31  2:55  Probe  
  36  3:12  Robotics Facility  

Tags
 
Add a new tag
Caveats
  • Supply blocks, unpowered buildings, or Contaminate may cause inaccurate times.
  • Supply counts are checked every 10 seconds.